 Dungeon Crawl Stone Soup version 0.23.2-40-g277498a001 (webtiles) character file.

Game seed: 2147217369972310422

198931 sankara the Nimble (level 17, -10/146 HPs)
             Began as a Black Draconian Fire Elementalist on June 22, 2019.
             Was the Champion of Vehumet.
             Mangled by a hell knight
             ... wielding a +0 broad axe of flaming
             ... led by Margery
              (18 damage)
             ... on level 2 of the Vaults on Dec 25, 2019.
             The game lasted 04:55:35 (44498 turns).

sankara the Nimble (DrFE)                          Turns: 44498, Time: 04:55:36

Health: -10/146    AC: 26    Str: 11    XL:     17   Next: 82%
Magic:  8/32       EV: 20    Int: 23    God:    Vehumet [******]
Gold:   2330       SH: 14    Dex: 13    Spells: 2/38 levels left

rFire    + + .     SeeInvis .   a - +9 hunting sling "Ketoyfat" {venom, Int+2}
rCold    + . .     Gourm    .   U - +2 shield
rNeg     + . .     Faith    .   (armour unavailable)
rPois    .         Spirit   .   O - +2 hat {MR+}
rElec    +         Reflect  .   Q - +2 cloak of Awe {rF++ rN+}
rCorr    .         Harm     .   E - +2 pair of gloves
MR       ++...                  K - +2 pair of boots {run}
Stlth    +++.......             A - amulet of the acrobat
HPRegen  0.34/turn              S - +6 ring of protection
MPRegen  0.23/turn              c - ring of protection from cold {rC+, !d}

@: flying, lightly drained, quick
A: breathe lightning, unfitting armour, big wings, electricity resistance,
cold-blooded, AC +9
}: 1/15 runes: decaying
a: Breathe Lightning, Stop Flying, Renounce Religion


You were on level 2 of the Vaults.
You worshipped Vehumet.
Vehumet was exalted by your worship.
You were very hungry.

You visited 6 branches of the dungeon, and saw 30 of its levels.
You also visited: Ossuary.

You collected 2934 gold pieces.
You spent 604 gold pieces at shops.

Inventory:

Hand Weapons
 a - the +9 hunting sling "Ketoyfat" (weapon) {venom, Int+2}
   (You found it on level 4 of the Dungeon)

   It poisons the ammo it fires.
   It affects your intelligence (+2).
 b - a +6 short sword of protection
   (You took it off Terence on level 3 of the Dungeon)
Missiles
 e - a throwing net {=f, !d}
 C - 165 sling bullets
 P - 11 javelins
 R - 235 stones (quivered)
Armour
 l - the +2 cloak of the Thief {+Fog Slay-2 SInv Stlth+}
   (You found it on level 1 of the Vaults)

   It affects your accuracy and damage with ranged weapons and melee attacks
   (-2).
   It lets you see invisible.
   It makes you more stealthy.
 E - a +2 pair of gloves (worn)
   (You found it on level 6 of the Dungeon)
 K - a +2 pair of boots of running (worn)
   (You bought it in a shop on level 8 of the Dungeon)
 O - a +2 hat of magic resistance (worn)
   (You found it on level 1 of the Orcish Mines)
 Q - the +2 cloak of Awe (worn) {rF++ rN+}
   (You found it on level 8 of the Dungeon)

   It greatly protects you from fire.
   It protects you from negative energy.
 U - a +2 shield (worn)
   (You found it on level 6 of the Lair of Beasts)
Jewellery
 c - a ring of protection from cold (right hand) {rC+, !d}
   (You took it off an orc on level 12 of the Dungeon)
 n - an uncursed ring of see invisible {sInv, !d}
   (You found it on level 8 of the Dungeon)
 t - an uncursed ring of resist corrosion
   (You found it on level 2 of the Dungeon)
 y - an uncursed ring of protection from magic {MR+, !d}
   (You found it on level 15 of the Dungeon)
 A - an amulet of the acrobat (around neck)
   (You found it on level 11 of the Dungeon)
 S - a +6 ring of protection (left hand)
   (You found it on level 8 of the Dungeon)
 Z - an uncursed ring of positive energy {rN+}
   (You took it off a centaur warrior on level 14 of the Dungeon)
Wands
 i - a wand of paralysis (24)
   (You took it off Ijyb on level 3 of the Dungeon)
 q - a wand of enslavement (9)
   (You took it off an orc on level 1 of the Orcish Mines)
 G - a wand of acid (16)
   (You found it on level 14 of the Dungeon)
 Y - a wand of digging (8)
   (You took it off an orc on level 9 of the Dungeon)
Scrolls
 d - 2 scrolls of fog
 f - 7 scrolls of identify
 m - 7 scrolls of teleportation
 s - 9 scrolls of remove curse
 x - 9 scrolls of magic mapping {!r}
 M - 3 scrolls of fear
 V - 4 scrolls of blinking {!r}
Potions
 h - 2 potions of cancellation
 p - a potion of ambrosia
 r - 4 potions of resistance
 u - 13 potions of curing
 B - 2 potions of might
 F - 7 potions of haste
 H - 4 potions of brilliance
 I - 3 potions of berserk rage {!q}
 J - 6 potions of heal wounds
 L - 2 potions of invisibility
 N - 5 potions of agility
 X - 2 potions of magic
Miscellaneous
 j - a sack of spiders
 k - a box of beasts
Comestibles
 g - 10 chunks of flesh {@w0}
 D - 27 rations


   Skills:
 - Level 12.0(11.9) Fighting
 - Level 3.0(2.9) Short Blades
 - Level 12.0(11.8) Slings
 + Level 13.9(13.7) Dodging
 - Level 5.0(4.8) Stealth
 + Level 12.5(12.4) Shields
 - Level 11.0(10.8) Spellcasting
 - Level 11.0(10.8) Conjurations
 - Level 2.0(1.9) Translocations
 - Level 12.0(11.8) Fire Magic
 + Level 11.0(10.8) Air Magic
 - Level 3.1(3.0) Poison Magic


You had 2 spell levels left.
You knew the following spells:

 Your Spells              Type           Power        Failure   Level  Hunger
a - Chain Lightning       Conj/Air       ######....   77%         8    #######
b - Conjure Flame         Conj/Fire      ######..     1%          3    None
c - Sticky Flame          Conj/Fire      ######..     1%          4    None
d - Fireball              Conj/Fire      ######....   1%          5    ####...
f - Mephitic Cloud        Conj/Pois/Air  ######..     1%          3    None
g - Lightning Bolt        Conj/Air       ######....   1%          5    ####...
h - Bolt of Fire          Conj/Fire      ######....   3%          6    #####..
i - Blink                 Tloc           N/A          4%          2    None

Your spell library contained the following spells:

 Spells                   Type           Power        Failure   Level  Hunger
 Ignition                 Fire           ######....   63%         8    #######
 Glaciate                 Conj/Ice       #####.....   100%        9    #######
 Flame Tongue             Conj/Fire      #####        1%          1    None
 Magic Dart               Conj           ####         1%          1    None
 Sandblast                Erth           ##....       1%          1    None
 Shock                    Conj/Air       ####         1%          1    None
 Sting                    Conj/Pois      ####         1%          1    None
 Poisonous Vapours        Pois/Air       #####.       1%          2    None
 Throw Flame              Conj/Fire      ######       1%          2    None
 Apportation              Tloc           ###...       3%          1    None
 Animate Skeleton         Necr           N/A          7%          1    None
 Beastly Appendage        Tmut           ##....       7%          1    None
 Confusing Touch          Hex            ##....       7%          1    None
 Summon Small Mammal      Summ           ##..         7%          1    None
 Call Imp                 Summ           ##......     11%         2    None
 Passwall                 Tmut/Erth      ##......     11%         2    None
 Slow                     Hex            ##......     11%         2    None
 Sticks to Snakes         Tmut           ##......     11%         2    None
 Ignite Poison            Fire/Tmut/Pois #####...     1%          3    None
 Inner Flame              Hex/Fire       #####...     1%          3    None
 Stone Arrow              Conj/Erth      #####.       1%          3    None
 Bolt of Magma            Conj/Fire/Erth #####.....   2%          5    ####...
 Venom Bolt               Conj/Pois      #####.....   3%          5    ####...
 Olgreb's Toxic Radiance  Pois           ####....     5%          4    None
 Irradiate                Conj/Tmut      #####.....   6%          5    ####...
 Summon Lightning Spire   Summ/Air       #####...     8%          4    None
 Spider Form              Tmut/Pois      ###.......   12%         3    None
 Freezing Cloud           Conj/Ice/Air   #####.....   16%         6    #####..
 Orb of Destruction       Conj           ######....   17%         7    #######
 Call Canine Familiar     Summ           ##......     22%         3    None
 Summon Guardian Golem    Hex/Summ       ##......     22%         3    None
 Lee's Rapid Deconstruct  Erth           ##........   43%         5    ####...
 Ice Form                 Ice/Tmut       ##......     56%         4    None
 Petrify                  Tmut/Erth      ##......     56%         4    None
 Summon Ice Beast         Ice/Summ       ##......     56%         4    None
 Blade Hands              Tmut           ##........   89%         5    ####...


Dungeon Overview and Level Annotations

Branches:
Dungeon (15/15)            Temple (1/1) D:5            Lair (6/6) D:11
  Swamp (4/4) Lair:2        Snake (0/4) Lair:2        Slime (0/5) Lair:6
    Orc (2/2) D:10            Elf (0/3) Orc:2        Vaults (2/5) D:14
 Depths (0/5) D:15
  Crypt: Vaults:2-3

Altars:
Ashenzari
Cheibriados
Dithmenos
Elyvilon
Fedhas
Gozag
Hepliaklqana
Kikubaaqudgha
Makhleb
Nemelex Xobeh
Okawaru
Qazlal
Ru
Sif Muna
Trog
Uskayaw
Vehumet
Wu Jian
Xom
Yredelemnul
Zin
The Shining One
Jiyva

Shops:
D:8 [   D:10 (   D:11 *=:!?   D:14 %   Orc:2 ((*[[


Innate Abilities, Weirdness & Mutations

You can breathe wild blasts of lightning.
Your glossy black scales are hard. (AC +9)
You cannot fit into any form of body armour.
Your large and strong wings let you fly indefinitely.
You are resistant to electric shocks. (rElec)
You are cold-blooded and may be slowed by cold attacks.


Message History

Aim: Margery, wielding a +0 long sword and wearing +0 acid dragon scales (almost dead, poisoned)
The bolt of fire hits the hell knight.
The hell knight completely resists.
The bolt of fire hits the ogre!!
You kill the ogre!
Vehumet accepts your kill.
The bolt of fire hits Margery!!!
You kill Margery!
Vehumet accepts your kill.
You feel your power returning.
Your life force feels restored.
Your Air Magic skill increases to level 11!
You are feeling hungry.
The hell knight's soul is no longer bound.
The hell knight hits you but does no damage.
You partially resist.
You feel drained. You block the hell knight's attack.
Casting: Bolt of Fire (safe; 3% risk of failure)
Confirm with . or Enter, or press ? or * to list all spells.
Aiming: Bolt of Fire (safe; 3% risk of failure)
Press: ? - help, Shift-Dir - straight line, f - hell knight
Aim: a hell knight, wielding a +5 scimitar of flaming and wearing a +0 chain mail The bolt of fire hits the hell knight.
The hell knight completely resists.
The bolt of fire hits the hell knight.
The hell knight completely resists.
The bolt of fire hits the hell knight.
The hell knight completely resists.
The hell knight points at you and mumbles some strange words.
The puff of flame hits you. You resist.
* * * LOW HITPOINT WARNING * * *
The hell knight gestures at you while chanting.
The puff of flame hits you but does no damage.
The hell knight points at you and mumbles some strange words.
The bolt of fire hits the hell knight.
The hell knight completely resists.
The bolt of fire misses the hell knight.
The bolt of fire misses you. You block the hell knight's attack.
The hell knight's soul is no longer bound.
The hell knight points at you and mumbles some strange words.
The bolt of fire hits the hell knight.
The hell knight completely resists.
The bolt of fire hits you! You resist.
* * * LOW HITPOINT WARNING * * *
You block the hell knight's attack.
An orc warrior comes into view. It is wielding a +0 war axe.
An orc knight comes into view. It is wielding a +1 broad axe.
You block the hell knight's attack.
Press: ? - help, v - describe, . - travel
Here: a hell knight, wielding a +5 demon whip of draining and wearing a +0 chain mail (fast)
The floor.
Unknown command.
You are too injured to fight recklessly!
You are too injured to fight recklessly!
You are too injured to fight recklessly!
You are too injured to fight recklessly!
You are too injured to fight recklessly!
You are too injured to fight recklessly!
You are too injured to fight recklessly!
Firing (i - inventory. (/) - cycle)
R - 240 stones (quivered)
Press: ? - help, Shift-Dir - straight line, f - hell knight
Aim: a hell knight, wielding a +5 demon whip of draining and wearing a +0 chain mail (fast)
You shoot a stone. The stone hits the hell knight!
The hell knight is poisoned.
The hell knight is lightly wounded.
You are feeling very hungry.
The hell knight closely misses you. You block the hell knight's attack.
Firing (i - inventory. (/) - cycle)
R - 239 stones (quivered)
Press: ? - help, Shift-Dir - straight line, f/p - hell knight
Aim: a hell knight, wielding a +5 demon whip of draining and wearing a +0 chain mail (lightly wounded, fast, poisoned)
You shoot a stone.
The stone completely misses the hell knight.
The orc knight shouts!
You hear a shout!
The hell knight hits you with a +0 broad axe of flaming!
* * * LOW HITPOINT WARNING * * *
The hell knight burns you.
* * * LOW HITPOINT WARNING * * *
The hell knight barely misses you.
Firing (i - inventory. (/) - cycle)
R - 238 stones (quivered)
Press: ? - help, Shift-Dir - straight line, f/p - hell knight
Aim: a hell knight, wielding a +5 demon whip of draining and wearing a +0 chain mail (lightly wounded, fast, poisoned)
You shoot a stone. The orc warrior shouts!
The stone hits the hell knight.
The hell knight looks as sick as possible!
The hell knight is moderately wounded.
Firing (i - inventory. (/) - cycle)
R - 237 stones (quivered)
Press: ? - help, Shift-Dir - straight line, f/p - hell knight
Aim: a hell knight, wielding a +5 demon whip of draining and wearing a +0 chain mail (moderately wounded, fast, poisoned)
You shoot a stone. The stone hits the hell knight.
The hell knight is moderately wounded.
You block the hell knight's attack. The hell knight misses you.
An orc wizard comes into view. It is wielding a +0 dagger.
The orc knight roars a battlecry!
The orcs go into a battle-frenzy!
The hell knight gestures at you while chanting.
You resist with almost no effort.
Firing (i - inventory. (/) - cycle)
R - 236 stones (quivered)
Press: ? - help, Shift-Dir - straight line, f/p - hell knight
Aim: a hell knight, wielding a +5 demon whip of draining and wearing a +0 chain mail (moderately wounded, fast, poisoned)
You shoot a stone. The orc wizard shouts!
The stone hits the hell knight!
The hell knight looks as sick as possible!
The hell knight is heavily wounded.
You hear a shout!
The hell knight hits you with a +0 broad axe of flaming!!
You die...

#.)p.....# #oc......#
#).......# #p)......#
#........# #........#
#........#
############.o......#
.......@p.pc..(.....#
...o....p...........#
....................#
.o..................#
o...................#
.....................
.....................
#############........
#.....###


You could see a yaktaur captain, an orc knight, 3 hell knights, 2 orc warriors
and an orc wizard.

Vanquished Creatures
  the Lernaean hydra (Swamp:4)
  Margery (Vaults:2)
  Jorgrun (D:12)
  Donald (Vaults:1)
  2 thorn hunters
  Gastronok (Lair:1)
  2 storm dragons (D:14)
  6 vault wardens (Vaults:1)
  An orc warlord (Orc:2)
  3 ironheart preservers (Vaults:1)
  Nessos (Lair:6)
  An ettin (D:14)
  A merfolk impaler (D:14)
  The ghost of Grendash the Protected, a journeyman DDFi of Makhleb (D:11)
  A yaktaur captain (Vaults:1)
  6 fire dragons
  3 ogre magi
  2 great orbs of eyes
  5 vault guards (Vaults:1)
  3 shambling mangroves
  A merfolk avatar (D:14)
  A ghost crab (Swamp:4)
  Harold (Lair:1)
  17 hydras
  2 death knights
  4 centaur warriors
  2 dancing weapons
  A tengu warrior (D:12)
  11 two-headed ogres
  3 death yaks (D:11)
  9 alligators
  A deep troll shaman (Vaults:1)
  Urug (Lair:1)
  6 orc high priests (Orc:2)
  3 spriggan druids
  7 skeletal warriors
  5 deep trolls (Vaults:1)
  2 unseen horrors
  10 swamp dragons
  2 lindwurms
  Pikel (D:8)
  4 ironbrand convokers (Vaults:1)
  6 orc knights
  3 deep elf magi
  2 necromancers (Vaults:2)
  3 orc sorcerers
  An oklob plant (Lair:6)
  19 ugly things
  A cyclops (Vaults:1)
  3 manticores
  3 wolf spiders
  6 elephants (Lair:5)
  A spectral centaur (D:11)
  Maurice (D:12)
  6 black mambas
  3 gargoyles
  3 molten gargoyles (Lair:6)
  4 vault sentinels (Vaults:1)
  A centaur skeleton (D:14)
  9 komodo dragons
  21 spiny frogs
  11 yaktaurs
  A rime drake (Lair:4)
  A yaktaur skeleton (Vaults:1)
  2 freezing wraiths
  A tengu conjurer (D:12)
  2 polar bears
  A meliai (D:10)
  10 hornets
  7 trolls
  A hornet (shapeshifter) (Vaults:1)
  10 tyrant leeches
  8 hippogriffs
  22 slime creatures
  17 bog bodies
  A frost giant simulacrum (Vaults:1)
  5 blink frogs (Lair:5)
  2 shadows
  A centaur simulacrum (D:11)
  Sigmund (D:3)
  7 spriggans
  2 vampires
  A spriggan (shapeshifter) (Vaults:2)
  2 water elementals (D:15)
  6 wyverns
  3 wraiths
  A fire bat (shapeshifter) (D:14)
  3 hogs (D:9)
  52 yaks
  Grum (D:8)
  A hog (shapeshifter) (Vaults:1)
  A human (D:9)
  3 hungry ghosts
  8 basilisks
  A steam dragon (Lair:6)
  16 vampire mosquitoes
  Edmund (D:5)
  Menkaure (D:5)
  4 wargs
  5 acid dragons
  3 soldier ants
  14 swamp worms
  13 insubstantial wisps
  5 hell hounds (Lair:6)
  10 porcupines
  17 water moccasins
  3 black bears
  12 swamp drakes
  4 sky beasts
  A slave (D:8)
  42 orc warriors
  11 ice beasts
  An eye of draining (D:8)
  A phantom (D:10)
  4 wolves (D:8)
  13 ogres
  9 centaurs
  16 crocodiles
  Blork the orc (Orc:1)
  4 big kobolds
  14 bullfrogs
  4 wyvern zombies
  A water moccasin zombie (Ossuary)
  4 scorpions
  10 killer bees
  7 wights
  3 human simulacra
  4 howler monkeys
  7 electric eels
  2 spectral bullfrogs (D:11)
  5 lava snakes (Lair:6)
  8 crimson imps
  A yaktaur simulacrum (Vaults:1)
  5 centaur zombies
  A quasit (D:8)
  6 bullfrog zombies
  6 hounds
  44 orc wizards
  39 orc priests
  4 jellies
  4 bullfrog skeletons
  An iron imp (Orc:1)
  8 mummies (Ossuary)
  Ijyb (D:3)
  Terence (D:3)
  7 iguanas
  2 hell rats (D:11)
  9 worker ants
  2 killer bee zombies
  A bullfrog simulacrum (D:11)
  5 hound zombies
  3 hound skeletons
  3 worker ant zombies
  4 gnolls (D:10)
  A howler monkey zombie (D:10)
  A river rat (D:11)
  17 adders
  5 shadow imps
  A white imp (Orc:1)
  3 oozes
  3 adder zombies
  4 worms
  4 dart slugs
  10 leopard geckos
  96 orcs
  4 bats
  6 giant cockroaches
  4 hobgoblins
  7 jackals
  8 quokkas
  2 ball pythons (Lair:2)
  A ball python skeleton (D:4)
  3 frilled lizards
  2 giant cockroach zombies (Ossuary)
  8 goblins
  3 jackal skeletons
  A jackal zombie (Ossuary)
  23 kobolds
  A leopard gecko skeleton (D:7)
  2 leopard gecko zombies (Ossuary)
  A quokka zombie (Ossuary)
  12 rats
  A bush (Lair:6)
  3 fungi
  7 plants
1110 creatures vanquished.

Vanquished Creatures (others)
  An unseen horror (Vaults:1)
  2 orcs (Orc:1)
  12 fungi
  A plant (Swamp:4)
  2 withered plants (Ossuary)
18 creatures vanquished.

Grand Total: 1128 creatures vanquished

Notes
Turn   | Place    | Note
-------+----------+-------------------------------------------
     0 | D:1      | sankara the Draconian Fire Elementalist began the quest for
                  | the Orb.
     0 | D:1      | Reached XP level 1. HP: 14/14 MP: 3/3
   202 | D:1      | HP: 3/14 [jackal (3)]
   214 | D:1      | Reached XP level 2. HP: 5/20 MP: 0/5
   218 | D:1      | HP: 3/20 [jackal (2)]
   990 | D:1      | Reached skill level 2 in Conjurations
  1185 | D:1      | Reached XP level 3. HP: 26/26 MP: 4/6
  2064 | D:2      | Learned a level 3 spell: Conjure Flame
  2540 | D:3      | Noticed Ijyb
  2736 | D:3      | Reached XP level 4. HP: 33/33 MP: 7/7
  2745 | D:3      | Learned a level 4 spell: Sticky Flame
  2785 | D:3      | Noticed Terence
  2807 | D:3      | Killed Terence
  2807 | D:3      | Reached skill level 4 in Fire Magic
  3293 | D:3      | Noticed Sigmund
  3306 | D:3      | Killed Sigmund
  3306 | D:3      | Reached skill level 1 in Short Blades
  3306 | D:3      | Reached skill level 3 in Spellcasting
  3306 | D:3      | Reached skill level 3 in Conjurations
  3306 | D:3      | Reached XP level 5. HP: 37/38 MP: 9/9
  3306 | D:3      | Reached XP level 6. HP: 43/45 MP: 10/10
  3457 | D:3      | Paralysed by Ijyb for 5 turns
  3473 | D:3      | Paralysed by Ijyb for 5 turns
  3484 | D:3      | Killed Ijyb
  3570 | D:4      | Reached skill level 5 in Fire Magic
  3719 | D:4      | Reached skill level 4 in Conjurations
  4172 | D:4      | Got a transparent hunting sling
  4173 | D:4      | Identified the +9 hunting sling "Ketoyfat" {venom, Int+2}
                  | (You found it on level 4 of the Dungeon)
  4406 | D:4      | Reached skill level 2 in Short Blades
  4413 | D:4      | Your scales start taking on a glossy black colour.
  4413 | D:4      | Reached XP level 7. HP: 34/50 MP: 7/12
  4413 | D:4      | Gained mutation: You are resistant to electric shocks.
                  | (rElec) [Black Draconian growth]
  4632 | D:4      | Reached skill level 1 in Slings
  4761 | D:5      | Entered Level 5 of the Dungeon
  4843 | D:5      | Learned a level 5 spell: Fireball
  4935 | D:5      | Reached skill level 5 in Conjurations
  4991 | D:5      | Reached skill level 6 in Fire Magic
  5059 | D:5      | Noticed Edmund
  5064 | D:5      | Killed Edmund
  5064 | D:5      | Reached XP level 8. HP: 57/57 MP: 13/13
  5143 | D:5      | Reached skill level 3 in Short Blades
  5186 | D:5      | Noticed Menkaure
  5190 | D:5      | Killed Menkaure
  5190 | D:5      | Reached skill level 2 in Slings
  5190 | D:5      | Reached skill level 4 in Spellcasting
  5276 | D:5      | Found a glowing golden altar of the Shining One.
  5297 | D:5      | Found a staircase to the Ecumenical Temple.
  5310 | Temple   | Entered the Ecumenical Temple
  5604 | Temple   | Became a worshipper of Vehumet
  6295 | D:6      | Reached skill level 6 in Conjurations
  6571 | D:6      | Reached skill level 7 in Fire Magic
  7012 | D:7      | Noticed a hippogriff
  7017 | D:7      | Killed a hippogriff
  7017 | D:7      | Reached skill level 3 in Slings
  7017 | D:7      | Reached XP level 9. HP: 62/62 MP: 15/15
  7189 | D:7      | Reached * piety under Vehumet
  7189 | D:7      | Offered knowledge of Shock by Vehumet.
  7208 | D:7      | Learned a level 1 spell: Shock
  7427 | D:7      | Reached skill level 7 in Conjurations
  7717 | D:8      | Found Fuliss's Antique Armour Shop.
  7722 | D:8      | Bought a pair of embroidered boots for 240 gold pieces
  7732 | D:8      | Identified a +0 pair of boots of running (You bought it in
                  | a shop on level 8 of the Dungeon)
  7747 | D:8      | Reached skill level 1 in Air Magic
  7978 | D:8      | Reached skill level 5 in Spellcasting
  7978 | D:8      | Reached skill level 8 in Fire Magic
  7984 | D:8      | Found a sand-covered staircase.
  7996 | Ossuary  | Entered an ossuary
  8042 | Ossuary  | Reached skill level 1 in Fighting
  8167 | Ossuary  | Reached skill level 2 in Air Magic
  8377 | Ossuary  | Reached skill level 4 in Slings
  8460 | Ossuary  | Reached skill level 2 in Fighting
  8473 | Ossuary  | Reached ** piety under Vehumet
  8473 | Ossuary  | Offered knowledge of Throw Frost by Vehumet.
  8755 | D:8      | Reached skill level 8 in Conjurations
  8865 | D:8      | Got a dazzling cloak
  8883 | D:8      | Identified the +2 cloak of Awe {rF++ rN+} (You found it on
                  | level 8 of the Dungeon)
  9015 | D:8      | Reached skill level 3 in Fighting
  9124 | D:8      | Noticed Grum
  9147 | D:8      | Reached XP level 10. HP: 61/77 MP: 13/18
  9166 | D:8      | Killed Grum
  9170 | D:8      | Offered knowledge of Stone Arrow by Vehumet.
  9375 | D:8      | Reached *** piety under Vehumet
  9379 | D:8      | Reached skill level 2 in Stealth
  9485 | D:8      | Found a snail-covered altar of Cheibriados.
  9685 | D:8      | Reached skill level 9 in Conjurations
  9793 | D:8      | Noticed Pikel
  9809 | D:8      | Killed Pikel
  9809 | D:8      | Reached skill level 4 in Fighting
  9809 | D:8      | Reached skill level 5 in Slings
 10068 | D:9      | Reached skill level 6 in Spellcasting
 10199 | D:9      | Reached skill level 3 in Stealth
 10262 | D:9      | Offered knowledge of Iskenderun's Mystic Blast by Vehumet.
 10275 | D:9      | Reached skill level 5 in Fighting
 10688 | D:9      | Reached **** piety under Vehumet
 10743 | D:9      | Reached skill level 4 in Stealth
 10750 | D:9      | Reached skill level 6 in Slings
 10917 | D:9      | Offered knowledge of Mephitic Cloud by Vehumet.
 10922 | D:9      | Learned a level 3 spell: Mephitic Cloud
 11032 | D:9      | Reached XP level 11. HP: 89/89 MP: 21/21
 11162 | D:10     | Entered Level 10 of the Dungeon
 11175 | D:10     | Reached skill level 6 in Fighting
 11175 | D:10     | Reached skill level 1 in Poison Magic
 11446 | D:10     | Reached skill level 7 in Spellcasting
 11639 | D:10     | Found Qoekerch's Weapon Boutique.
 11743 | D:10     | Reached skill level 2 in Poison Magic
 11790 | D:10     | Found a staircase to the Orcish Mines.
 11974 | D:10     | Noticed an unseen horror
 11975 | D:10     | Killed an unseen horror
 11975 | D:10     | Reached ***** piety under Vehumet
 12077 | D:10     | Offered knowledge of Lee's Rapid Deconstruction by Vehumet.
 12354 | D:11     | Found Geass's Distillery.
 12376 | D:11     | Bought a potion of magic for 120 gold pieces
 12378 | D:11     | Found Dibbu's Book Shoppe.
 12383 | D:11     | Noticed a brown ugly thing
 12393 | D:11     | Killed a brown ugly thing
 12393 | D:11     | Reached skill level 3 in Poison Magic
 12423 | D:11     | Reached skill level 7 in Fighting
 12448 | D:11     | Reached skill level 7 in Slings
 12502 | D:11     | Noticed a white ugly thing
 12510 | D:11     | Killed a white ugly thing
 12625 | D:11     | Found Yttimnox's Assorted Antiques.
 12706 | D:11     | Found Okashiy's Jewellery Shop.
 12814 | D:11     | Noticed a death knight
 12829 | D:11     | Killed a death knight
 12869 | D:11     | Noticed a death yak
 12869 | D:11     | You fall through a shaft for 2 floors!
 12950 | D:13     | Noticed a brown ugly thing
 12961 | D:13     | Killed a brown ugly thing
 12961 | D:13     | Reached skill level 8 in Spellcasting
 13217 | D:12     | Reached skill level 5 in Stealth
 13232 | D:12     | Found a frozen archway.
 13251 | D:12     | Noticed Jorgrun
 13254 | D:12     | Reached skill level 8 in Fighting
 13261 | D:12     | Noticed a tengu warrior
 13444 | D:13     | Noticed an eight-headed hydra
 13448 | D:13     | Killed an eight-headed hydra
 13454 | D:13     | Reached XP level 12. HP: 102/102 MP: 16/24
 13480 | D:13     | Reached skill level 8 in Slings
 13529 | D:13     | HP: 14/103 [large slime creature (25)]
 14058 | D:11     | Noticed a death yak
 14059 | D:11     | Noticed a death yak
 14083 | D:11     | Killed a death yak
 14093 | D:11     | Killed a death yak
 14093 | D:11     | Reached skill level 9 in Fighting
 14093 | D:11     | Reached skill level 9 in Spellcasting
 14096 | D:11     | Killed a death yak
 14322 | D:11     | Found a staircase to the Lair.
 14330 | D:11     | Found a runed translucent gate.
 14331 | D:11     | Found a runed translucent gate.
 14331 | D:11     | Found a runed translucent gate.
 14337 | D:11     | Noticed Grendash's ghost (journeyman DDFi)
 14442 | D:11     | Found Ucwoesmavi's Magic Scroll Emporium.
 14445 | D:11     | Bought a scroll of blinking for 90 gold pieces
 14445 | D:11     | Bought a scroll of fog for 24 gold pieces
 14871 | D:11     | Killed Grendash's ghost
 14978 | Lair:1   | Entered Level 1 of the Lair of Beasts
 15026 | Lair:1   | Noticed Harold
 15037 | Lair:1   | Killed Harold
 15037 | Lair:1   | Reached skill level 9 in Slings
 15250 | Lair:1   | Noticed Gastronok
 15269 | Lair:1   | Killed Gastronok
 15269 | Lair:1   | Reached skill level 10 in Fighting
 15409 | Lair:1   | Offered knowledge of Throw Icicle by Vehumet.
 15415 | Lair:1   | Found a basalt altar of Yredelemnul.
 15667 | Lair:1   | Noticed Urug
 15751 | Lair:1   | Killed Urug
 15751 | Lair:1   | Reached skill level 10 in Spellcasting
 16168 | Lair:2   | Found a staircase to the Snake Pit.
 16220 | Lair:2   | Reached skill level 3 in Air Magic
 16272 | Lair:2   | Reached skill level 2 in Dodging
 16406 | Lair:2   | Reached XP level 13. HP: 113/113 MP: 25/27
 16966 | Lair:2   | Found a staircase to the Swamp.
 17224 | Lair:3   | Reached skill level 4 in Air Magic
 17507 | Lair:3   | Reached skill level 3 in Dodging
 18033 | Lair:4   | Reached skill level 10 in Slings
 18168 | Lair:4   | Reached skill level 5 in Air Magic
 19251 | Lair:5   | Reached skill level 9 in Fire Magic
 19262 | Lair:5   | Reached skill level 4 in Dodging
 19264 | Lair:5   | Reached skill level 11 in Fighting
 20048 | Lair:6   | Entered Level 6 of the Lair of Beasts
 20348 | Lair:6   | Noticed a fire dragon
 20356 | Lair:6   | Found a large runed translucent door.
 20396 | Lair:6   | Reached skill level 5 in Dodging
 20414 | Lair:6   | Noticed Nessos
 20427 | Lair:6   | Killed Nessos
 20787 | Lair:5   | Gained mutation: Your large and strong wings let you fly
                  | indefinitely. [Black Draconian growth]
 20787 | Lair:5   | Reached XP level 14. HP: 81/124 MP: 24/28
 21021 | Lair:6   | Offered knowledge of Lightning Bolt by Vehumet.
 21028 | Lair:6   | Learned a level 5 spell: Lightning Bolt
 21278 | Lair:6   | Reached skill level 10 in Fire Magic
 21356 | Lair:6   | Found a deep blue altar of Sif Muna.
 21594 | Lair:6   | Reached skill level 11 in Slings
 21824 | Lair:6   | Found a large runed translucent door.
 22058 | Lair:6   | Found a viscous altar of Jiyva.
 22059 | Lair:6   | Found a staircase to the Slime Pits.
 22076 | Lair:6   | Reached skill level 12 in Fighting
 22076 | Lair:6   | Reached skill level 6 in Dodging
 22736 | D:12     | Reached skill level 1 in Shields
 22753 | D:12     | Noticed Maurice
 23023 | D:12     | Killed Jorgrun
 23023 | D:12     | Reached skill level 2 in Shields
 23203 | D:12     | Killed Maurice
 23301 | D:12     | Reached skill level 6 in Air Magic
 23950 | Orc:1    | Entered Level 1 of the Orcish Mines
 24139 | Orc:1    | Paralysed by an orc sorcerer for 3 turns
 24184 | Orc:1    | Reached skill level 3 in Shields
 24196 | Orc:1    | Noticed Blork the orc
 24201 | Orc:1    | Killed Blork the orc
 25068 | Orc:2    | Entered Level 2 of the Orcish Mines
 25080 | Orc:2    | Reached skill level 7 in Air Magic
 25102 | Orc:2    | Offered knowledge of Irradiate by Vehumet.
 25514 | Orc:2    | Found Muamuc's Antique Weapon Shop.
 25543 | Orc:2    | Found a staircase to the Elven Halls.
 25586 | Orc:2    | Reached skill level 4 in Shields
 25595 | Orc:2    | Reached ****** piety under Vehumet
 25960 | Orc:2    | Reached skill level 11 in Fire Magic
 26236 | Orc:2    | Offered knowledge of Ozocubu's Refrigeration by Vehumet.
 26328 | Orc:2    | Found Karemalu's Antique Armour Shop.
 26328 | Orc:2    | Found Wuinock's Weapon Boutique.
 26328 | Orc:2    | Found Qogong's General Store.
 26336 | Orc:2    | Found Daplimi's Antique Armour Shop.
 26709 | Orc:2    | Noticed an orc warlord
 26720 | Orc:2    | Reached XP level 15. HP: 132/132 MP: 23/29
 26731 | Orc:2    | Killed an orc warlord
 26731 | Orc:2    | Reached skill level 5 in Shields
 27211 | D:13     | Reached skill level 12 in Slings
 27916 | D:14     | Offered knowledge of Bolt of Fire by Vehumet.
 27928 | D:13     | Learned a level 6 spell: Bolt of Fire
 28078 | D:14     | Reached skill level 6 in Shields
 28271 | D:14     | Noticed a storm dragon
 28293 | D:14     | Noticed a storm dragon
 28371 | D:14     | Killed a storm dragon
 28412 | D:14     | Identified the Reference Book on Lethal Ice
 28415 | D:14     | Identified the Reference Book on Shifting Confrontation
 28782 | D:14     | Killed a storm dragon
 28865 | D:14     | Found a runed translucent door.
 28869 | D:14     | Found a runed translucent door.
 28912 | D:14     | Reached skill level 12 in Fire Magic
 28938 | D:14     | Reached skill level 7 in Shields
 29299 | D:14     | Found Jekk's Food Emporium.
 29559 | D:14     | You are sucked into a shaft!
 29559 | D:15     | Entered Level 15 of the Dungeon
 29574 | D:15     | Reached skill level 7 in Dodging
 29584 | D:15     | Reached skill level 10 in Conjurations
 30469 | D:15     | Found a staircase to the Depths.
 30499 | D:15     | Learned a level 2 spell: Blink
 30570 | D:14     | Found a gate to the Vaults.
 30901 | D:14     | Found a runed translucent door.
 31033 | D:14     | Reached skill level 8 in Dodging
 31549 | D:14     | Reached skill level 8 in Shields
 31723 | Lair:1   | Identified a scroll of acquirement
 31968 | D:11     | Bought a peridot ring for 130 gold pieces
 32036 | Swamp:1  | Entered Level 1 of the Swamp
 32899 | Swamp:1  | Reached skill level 1 in Translocations
 33142 | Swamp:1  | HP: 24/129 [shambling mangrove (18)]
 33142 | Swamp:1  | HP: 4/129 [shambling mangrove (20)]
 33173 | Swamp:1  | Offered knowledge of Bolt of Cold by Vehumet.
 34418 | Swamp:2  | Reached skill level 2 in Translocations
 34586 | Swamp:2  | Noticed a thorn hunter
 34591 | Swamp:2  | Killed a thorn hunter
 34591 | Swamp:2  | Reached skill level 9 in Dodging
 34591 | Swamp:2  | Reached XP level 16. HP: 103/139 MP: 11/30
 35260 | Swamp:2  | Reached skill level 11 in Conjurations
 35426 | Swamp:2  | Reached skill level 9 in Shields
 35848 | Swamp:3  | Noticed a thorn hunter
 35857 | Swamp:3  | Killed a thorn hunter
 35857 | Swamp:3  | Reached skill level 10 in Dodging
 36682 | Swamp:3  | Offered knowledge of Glaciate by Vehumet.
 36682 | Swamp:3  | Offered knowledge of Chain Lightning by Vehumet.
 36682 | Swamp:3  | Offered knowledge of Ignition by Vehumet.
 37090 | Swamp:3  | Reached skill level 11 in Dodging
 37588 | Swamp:4  | Entered Level 4 of the Swamp
 37653 | Swamp:4  | Reached skill level 10 in Shields
 39136 | Swamp:4  | Reached skill level 12 in Dodging
 39584 | Swamp:3  | Learned a level 8 spell: Chain Lightning
 39727 | Swamp:3  | HP: 34/139 [poisoned by a swamp dragon (poison gas)]
 39732 | Swamp:3  | HP: 32/139 [poisoned by a swamp dragon (poison gas)]
 39737 | Swamp:3  | HP: 31/139 [poisoned by a swamp dragon (poison gas)]
 39742 | Swamp:3  | HP: 30/139 [poisoned by a swamp dragon (poison gas)]
 39749 | Swamp:3  | HP: 31/139 [poisoned by a swamp dragon (poison gas)]
 39757 | Swamp:3  | HP: 31/139 [poisoned by a swamp dragon (poison gas)]
 40112 | Swamp:4  | Noticed the 27-headed Lernaean hydra
 40133 | Swamp:4  | Killed the 27-headed Lernaean hydra
 40170 | Swamp:4  | Got a decaying rune of Zot
 40815 | Vaults:1 | Entered Level 1 of the Vaults
 40944 | Vaults:1 | Reached skill level 11 in Shields
 40944 | Vaults:1 | Reached skill level 11 in Spellcasting
 40948 | Vaults:1 | Reached XP level 17. HP: 134/146 MP: 29/32
 40951 | Vaults:1 | Reached skill level 8 in Air Magic
 40967 | Vaults:1 | Noticed Donald
 41365 | Vaults:1 | Killed Donald
 41491 | Vaults:1 | Reached skill level 13 in Dodging
 41697 | Vaults:1 | Found the +2 cloak of the Thief {+Fog Slay-2 SInv Stlth+}
 41976 | Vaults:1 | Reached skill level 9 in Air Magic
 43079 | Vaults:1 | Upgraded the game from 0.23.2-30-g0e89c35649 to
                  | 0.23.2-40-g277498a001
 43586 | Vaults:1 | Reached skill level 12 in Shields
 43588 | Vaults:1 | Reached skill level 10 in Air Magic
 44455 | Vaults:2 | Noticed Margery
 44478 | Vaults:2 | HP: 36/146 [yaktaur captain/bolt (14)]
 44485 | Vaults:2 | Killed Margery
 44485 | Vaults:2 | Reached skill level 11 in Air Magic
 44486 | Vaults:2 | HP: 30/146 [hell knight/puff of flame[Margery] (1)]
 44495 | Vaults:2 | HP: 9/146 [hell knight/+0 broad axe of flaming[Margery]
                  | (16)]
 44498 | Vaults:2 | Mangled by a hell knight

Skill      XL: |  1  2  3  4  5  6  7  8  9 10 11 12 13 14 15 16 17 |
---------------+----------------------------------------------------+-----
Conjurations   | 2 3 4 5 6 8 9 10 11 | 11.0
Fire Magic     | 4 5 6 7 8 9 11 12 | 12.0
Short Blades   | 1 2 3 |  3.0
Spellcasting   | 3 4 5 6 8 10 11 | 11.0
Slings         | 1 3 4 6 7 9 10 11 12 | 12.0
Air Magic      | 2 3 5 7 11 | 11.0
Fighting       | 3 5 8 10 11 12 | 12.0
Stealth        | 4 5 |  5.0
Poison Magic   | 3 |  3.1
Dodging        | 2 5 6 9 12 13 | 13.9
Shields        | 4 8 11 12 | 12.5
Translocations | 2 |  2.0

Action                   |  1- 3 |  4- 6 |  7- 9 | 10-12 | 13-15 | 16-18 || total
-------------------------+-------+-------+-------+-------+-------+-------++-------
Melee: Unarmed           |    23 |       |       |       |       |       ||    23
       Tailslap          |     3 |     5 |       |       |    38 |       ||    46
       Whip              |     2 |    10 |       |       |       |       ||    12
       Short sword       |       |   104 |       |       |   138 |       ||   242
       Hunting sling     |       |       |       |       |     2 |       ||     2
 Fire: Hunting sling     |       |    13 |   160 |   541 |  1892 |   908 ||  3514
 Cast: Flame Tongue      |    77 |    24 |   145 |    62 |    14 |       ||   322
       Sticky Flame      |       |     2 |     9 |    48 |    74 |    50 ||   183
       Fireball          |       |       |     9 |    36 |    48 |    58 ||   151
       Shock             |       |       |       |    30 |    14 |       ||    44
       Mephitic Cloud    |       |       |       |    36 |    63 |    32 ||   131
       Conjure Flame     |       |       |       |    20 |    18 |    12 ||    50
       Lightning Bolt    |       |       |       |       |    32 |     6 ||    38
       Bolt of Fire      |       |       |       |       |     2 |   106 ||   108
       Blink             |       |       |       |       |     2 |     5 ||     7
 Abil: Evoke Berserk Rag |       |     3 |       |       |       |       ||     3
       Fly               |       |       |       |       |     1 |       ||     1
       Breathe Lightning |       |       |       |       |     1 |       ||     1
Evoke: Wand              |       |       |       |     3 |     9 |       ||    12
  Use: Scroll            |       |       |       |    27 |    11 |       ||    38
       Potion            |       |       |       |     1 |     3 |     2 ||     6
 Stab: Sleeping          |     1 |     1 |       |       |       |       ||     2
  Eat: Chunk             |     7 |     8 |    19 |    24 |    50 |    35 ||   143
       Ration            |       |       |       |     3 |     6 |    11 ||    20
Armor: Skin              |    13 |    54 |    35 |   105 |   212 |   103 ||   522
Dodge: Dodged            |    40 |    97 |    58 |   133 |   269 |   189 ||   786
Block: Shield            |       |       |       |       |   168 |   190 ||   358

Levels and vault maps discovered:
D:1:      minmay_arrival_three_doors, layout_basic, st_stairs_7
D:2:      layout_basic
D:3:      layout_loops_ring, first_ration, uniq_ijyb, uniq_terence, uniq_sigmund
D:4:      layout_basic
D:5:      layout_loops_ring, minmay_temple_entry_tees,
          ebering_dispersal_statue_hall, grunt_ministairs_12, st_stairs_9,
          tso_altar, uniq_edmund, uniq_menkaure
D:6:      layout_basic, minivault_25
D:7:      layout_loops_ring
D:8:      kennysheep_windowed_halls, layout_basic, lemuel_crystal_altar,
          serial_shops, shop, nicolae_ossuary_entry_monument, uniq_pikel,
          uniq_grum
D:9:      layout_loops_ring, grunt_livestock
D:10:     wad_arrow_thing, layout_basic, erik_orc_1, serial_shops,
          kennysheep_mini, minmay_tree_intersection, lemuel_flamethrower_hall
D:11:     layout_long_grid, dpeg_lair_monsters, gammafunk_ghost_necromancy,
          serial_shops, shop, shop, shop, nicolae_shop_behind_doors, shop,
          minmay_curled_crystal
D:12:     layout_cave_pools, portal_ice_cave_entry_ice_beasts, minmay_circle_x,
          uniq_maurice, uniq_jorgrun
D:13:     layout_loops_ring
D:14:     minmay_tile_spiral, layout_loops_ring, erik_vaults_1,
          chequers_serial_rivers_room_b, serial_shops, shop, mikee_hates_you
D:15:     grunt_enter_depths_hoard, layout_rooms, serial_bayou_shore_a
Temple:   compressed_dpeg_triangle_lava_temple
Lair:1:   layout_loops_ring, basic_altar, uniq_harold, uniq_urug, uniq_gastronok
Lair:2:   layout_loops_ring, swamp_mist_pool, minmay_snake_entry_six_corridors,
          beast_lair_carwin_5, lemuel_fruit_fields
Lair:3:   layout_hall_layers, serial_bayou_pond_d, lemuel_fruit_tree,
          infiniplex_staircase_pool
Lair:4:   layout_regular_city
Lair:5:   layout_misc_corridors
Lair:6:   cheibrodos_lair_end_hotspot, layout_regular_city, slime_altar_1,
          serial_bayou, serial_bayou_ford_a, serial_bayou_pond_d,
          serial_bayou_lake_a, serial_bayou_lagoon_a, minmay_lair_oklob_items,
          lemuel_centaur_altar, uniq_nessos
Swamp:1:  layout_basic_swamp, evilmike_swamp_ruin_house_3
Swamp:2:  layout_basic_swamp, serial_swamp_ruin, evilmike_swamp_ruin_wall,
          evilmike_swamp_ruin_house_5, evilmike_swamp_ruin_house_2
Swamp:3:  layout_falls_marsh, evilmike_swamp_ruin_rubble_2
Swamp:4:  grunt_swamp_rune_castle, layout_basic_swamp, swamp_pool1
Orc:1:    nicolae_orc_accident_1, layout_caves, hangedman_minor_magic
Orc:2:    st_orc_mages, layout_caves, serial_shops, shop
Vaults:1: v_pattern_1, v_alt_pattern_4, nicolae_vaults_network_quinsquares
          [nicolae_vaults_network_quincunx_subvault,
          nicolae_vaults_network_quincunx_subvault,
          nicolae_vaults_network_quincunx_subvault,
          nicolae_vaults_network_quincunx_subvault],
          ontoclasm_vaults_ring_large, v_alt_pattern_5, grunt_vaults_trifunnel,
          nicolae_vaults_alarming, hangedman_vaults_cutoff, vaults_room_pool,
          nicolae_vaults_little_squares_1, layout_vaults_maze_snakey,
          uniq_saint_roka, uniq_donald
Vaults:2: hangedman_vaults_slither, v_misc_10, ontoclasm_vaults_decontamination,
          ontoclasm_vaults_loading_screen, vaults_room_fours,
          vaults_room_corners, layout_vaults_omnigrid, uniq_margery
Ossuary:  ossuary_zaba_flooded

Table legend:
 A = Turns spent in this place as a percentage of turns spent in the entire game.
 B = Non-inter-level travel turns spent in this place as a percentage of non-inter-level travel turns spent in the entire game.
 C = Inter-level travel turns spent in this place as a percentage of turns spent in this place.
 D = Turns resting spent in this place as a percentage of non-inter-level travel turns spent in this place.
 E = Turns spent auto-exploring this place as a percentage of non-inter-level travel turns spent in this place.
 F = Non-inter-level travel turns spent in this place divided by the number of levels of this place that you've seen.
                   A       B       C       D       E      F
               +-------+-------+-------+-------+-------+----------------------
         Total | 100.0 | 100.0 |   6.5 |  32.2 |  43.7 | 1341.9
       Dungeon |  47.1 |  46.1 |   8.5 |  31.8 |  44.5 | 1277.3
        Temple |   0.7 |   0.7 |   1.3 |   0.0 |  96.3 | 296.0
          Lair |  18.2 |  18.0 |   7.5 |  18.7 |  56.5 | 1249.3
         Swamp |  18.3 |  18.7 |   4.3 |  47.8 |  32.4 | 1944.8
  Orcish Mines |   6.9 |   7.1 |   3.2 |  20.9 |  47.0 | 1481.0
        Vaults |   7.3 |   7.6 |   1.5 |  35.2 |  34.2 | 1589.5
       Ossuary |   1.6 |   1.7 |   0.0 |  61.8 |  17.1 | 727.0
               +-------+-------+-------+-------+-------+----------------------

Table legend:
 A = Kills in this place as a percentage of kills in entire the game.
 B = Kills by you in this place as a percentage of kills by you in the entire game.
 C = Kills by friends in this place as a percentage of kills by friends in the entire game.
 D = Other kills in this place as a percentage of other kills in the entire game.
 E = Experience gained in this place as a percentage of experience gained in the entire game.
 F = Experience gained in this place divided by the number of levels of this place that you have seen.
                   A       B       C       D       E      F
               +-------+-------+-------+-------+-------+----------------------
         Total | 100.0 | 100.0 |   N/A | 100.0 | 100.0 | 8946.1
       Dungeon |  43.3 |  43.6 |   N/A |  27.8 |  27.8 | 5137.9
          Lair |  15.8 |  15.6 |   N/A |  27.8 |  16.7 | 7701.2
         Swamp |  14.2 |  14.4 |   N/A |   0.0 |  24.3 | 16846.5
  Orcish Mines |  15.3 |  15.0 |   N/A |  33.3 |   7.1 | 9802.5
        Vaults |   8.8 |   8.8 |   N/A |  11.1 |  23.9 | 33167.5
       Ossuary |   2.5 |   2.6 |   N/A |   0.0 |   0.3 | 727.0
               +-------+-------+-------+-------+-------+----------------------
